 Dungeon Crawl Stone Soup version 0.26-a0-996-g6b303dbc09 (webtiles) character file.

Game seed: 3353002833205001081

47 Morbidden the Gusty (level 3, -1/24 HPs)
             Began as a Demonspawn Air Elementalist on Dec 6, 2020.
             Slain by an adder (5 damage)
             ... on level 1 of the Dungeon.
             The game lasted 00:03:30 (1548 turns).

Morbidden the Gusty (Demonspawn Air Elementalist)   Turns: 1548, Time: 00:03:31

Health: -1/24      AC:  2    Str:  8    XL:     3   Next: 48%
Magic:  0/6        EV: 12    Int: 17    God:
Gold:   49         SH:  0    Dex: 13    Spells: 3/6 levels left

rFire    . . .     SeeInvis .   (no weapon)
rCold    . . .     Faith    .   (no shield)
rNeg     . . .     Spirit   .   a - +0 robe
rPois    .         Reflect  .   (no helmet)
rElec    .         Harm     .   (no cloak)
rCorr    .         Rampage  .   (no gloves)
MR       .....                  (no boots)
Stlth    ++........             b - amulet of regeneration
HPRegen  0.48/turn              (no ring)
MPRegen  0.10/turn              (no ring)

@: lethally poisoned (-1 -> -2), very slightly contaminated
A: talons 1
a: no special abilities


You were on level 1 of the Dungeon.
You visited 1 branch of the dungeon, and saw 2 of its levels.

You collected 49 gold pieces.

Inventory:

Armour
 a - a +0 robe (worn)
Jewellery
 b - an amulet of regeneration (around neck)
 f - an uncursed ring of positive energy
Scrolls
 d - a scroll of magic mapping {unknown}
 e - a scroll of remove curse {unknown}
 g - a scroll of fog {unknown}


   Skills:
 + Level 1.8 Dodging
 + Level 1.8 Stealth
 * Level 2.3 Spellcasting
 * Level 1.9 Conjurations
 * Level 3.4 Air Magic


You had 3 spell levels left.
You knew the following spells:

 Your Spells              Type           Power        Failure   Level
a - Shock                 Conj/Air       ##..         6%          1
b - Swiftness             Air            ##......     7%          2

Your spell library contained the following spells:

 Spells                   Type           Power        Failure   Level
 Animate Skeleton         Necr           #.....       19%         1
 Apportation              Tloc           #.....       19%         1
 Corona                   Hex            #......      19%         1
 Summon Small Mammal      Summ           #...         19%         1
 Static Discharge         Conj/Air       ##......     19%         3
 Airstrike                Air            ##........   41%         4
 Lightning Bolt           Conj/Air       ##........   86%         5


Dungeon Overview and Level Annotations

Branches:
Dungeon (2/15)

Altars:


Innate Abilities, Weirdness & Mutations

You have sharp toenails.


Message History

You are too injured to fight recklessly!
You are too injured to fight recklessly!
Unknown command.
Casting: Shock (safe; 6% risk of failure)
Confirm with . or Enter, or press ? or * to list all spells.
Aiming: Shock (safe; 6% risk of failure)
Press: ? - help, Shift-Dir - straight line, f/p - adder
Aim: an adder (almost dead, 52% to evade)
The zap misses the adder.
The adder barely misses you.
Unknown command.
Unknown command.
Unknown command.
You closely miss the adder. Your kick misses the adder.
The adder is almost dead.
You feel sick. The adder bites you.
* * * LOW HITPOINT WARNING * * *
You closely miss the adder.
The adder is almost dead.
You feel sick. The adder bites you.
You die...

##### #(... #....
#....
################....
#...................
#................##.
#..@S............##.
#................##.
#................##.
######...........###
#...........#
#...........#
#...........#
#############


You could see an adder.

Vanquished Creatures
  An adder (D:2)
  A worm (D:2)
  A giant cockroach (D:1)
  4 hobgoblins
  6 kobolds
  A quokka (D:2)
  2 ball pythons (D:1)
  4 bats
  3 frilled lizards (D:2)
  7 goblins
  4 rats
34 creatures vanquished.

Notes
Turn   | Place    | Note
-------+----------+-------------------------------------------
     0 | D:1      | Morbidden the Demonspawn Air Elementalist began the quest
                  | for the Orb.
     0 | D:1      | Reached XP level 1. HP: 13/13 MP: 3/3
   202 | D:1      | Reached skill level 3 in Air Magic
   309 | D:1      | Gained mutation: You have sharp toenails. [demonic
                  | ancestry]
   309 | D:1      | Reached XP level 2. HP: 10/19 MP: 1/5
   915 | D:2      | Learned a level 2 spell: Swiftness
  1018 | D:2      | Reached XP level 3. HP: 23/24 MP: 0/6
  1548 | D:1      | Slain by an adder

Illustrated notes

Levels and vault maps discovered:
D:1:      tarquinn_simple_flora_water_e, layout_basic, minmay_octomino_e4
D:2:      layout_rooms, minmay_tall_x

Skill      XL: |  1 |
---------------+----+-----
Air Magic      | 3 |  3.4
Dodging        | |  1.8
Stealth        | |  1.8
Spellcasting   | |  2.3
Conjurations   | |  1.9

Action                   || total
-------------------------++-------
Melee: Unarmed           ||    39
       Kick              ||     7
 Cast: Shock             ||    69
       Swiftness         ||     1
  Use: Potion            ||     2
       Scroll            ||     2
Armor: Robe              ||     6
Dodge: Dodged            ||    34

Table legend: (Time is in decaauts)
 A = Elapsed time spent in this place.
 B = Non-inter-level travel time spent in this place.
 C = Inter-level travel time spent in this place.
 D = Time resting spent in this place.
 E = Time spent auto-exploring this place.
 F = Levels seen in this place.
 G = Mean time per level.
                   A        B        C        D        E       F      G
               +--------+--------+--------+--------+--------+-----+--------+
         Total |   1549 |   1517 |     32 |    319 |    919 |   2 |  774.5 |
       Dungeon |   1549 |   1517 |     32 |    319 |    919 |   2 |  774.5 |
               +--------+--------+--------+--------+--------+-----+--------+

Top non-repeatable levels by time:
     D:1: 998 daAuts
     D:2: 551 daAuts
